 Dungeon Crawl Stone Soup version 0.32-a0-540-g866d13106e (webtiles) character file.

Game seed: 9372735177132365640

9 MachoJfn the Ducker (level 2, 22/22 HPs)
             Began as a Demonspawn Gladiator on Feb 28, 2024.
             Quit the game on level 1 of the Dungeon.
             The game lasted 00:01:06 (219 turns).

MachoJfn the Ducker (Demonspawn Gladiator)           Turns: 219, Time: 00:01:07

Health: 22/22      AC:  4    Str: 14    XL:     2   Next: 3%
Magic:  2/2        EV: 12    Int:  8    God:
Gold:   31         SH:  0    Dex: 14    Spells: 1/1 levels left

rFire   . . .        a - +0 war axe
rCold   . . .        (no shield)
rNeg    . . .        b - +0 leather armour
rPois   .            c - +0 helmet
rElec   .            (no cloak)
rCorr   .            (no gloves)
SInv    .            (no boots)
Will    .....        h - amulet of regeneration
Stlth   +            (no ring)
HPRegen 1.03/turn    (no ring)
MPRegen 0.08/turn

%: no passive effects
@: no status effects
A: claws 1
a: no special abilities


You were on level 1 of the Dungeon.
You visited 1 branch of the dungeon, and saw 1 of its levels.

You collected 31 gold pieces.

Inventory:

Hand Weapons
 a - a +0 war axe (weapon)
Missiles
 d - 3 throwing nets (quivered)
 e - a javelin
Armour
 b - a +0 leather armour (worn)
 c - a +0 helmet (worn)
Jewellery
 h - an amulet of regeneration (around neck)
 j - a ring of fire
 m - a ring of positive energy
Scrolls
 f - a scroll of teleportation
 k - a scroll of fog {unknown}
 l - a scroll of blinking {unknown}
Potions
 g - 2 potions of cancellation {unknown}
 i - a potion of mutation {unknown}


   Skills:
 + Level 2.1 Fighting
 + Level 2.9 Axes
 - Level 1.7 Throwing
 + Level 0.1 Armour
 + Level 2.9 Dodging


You had one spell level left.
You didn't know any spells.
Your spell library was empty.

Dungeon Overview and Level Annotations

Branches:
Dungeon (1/15)

Altars:


Innate Abilities, Weirdness & Mutations

You have sharp fingernails.


Message History

You barely miss the endoplasm.
The endoplasm is moderately wounded.
You slash the rat!
You kill the rat!
The endoplasm hits you but does no damage. x2
You barely miss the endoplasm.
The endoplasm is moderately wounded.
A hobgoblin comes into view.
The endoplasm barely misses you.
The hobgoblin shouts!
You hit the endoplasm.
You kill the endoplasm!
You see here a rat corpse.
You closely miss the hobgoblin. The hobgoblin hits you. x2
You barely miss the hobgoblin. The hobgoblin barely misses you.
You barely miss the hobgoblin. The hobgoblin barely misses you.
An endoplasm comes into view.
The hobgoblin hits you but does no damage.
The endoplasm quivers.
You hit the hobgoblin.
The hobgoblin is severely wounded.
The hobgoblin hits you but does no damage.
You barely miss the hobgoblin.
The hobgoblin is severely wounded.
You slash the endoplasm!
You kill the endoplasm!
The hobgoblin barely misses you.
You hit the hobgoblin.
You kill the hobgoblin!
You have reached level 2!
Your demonic ancestry asserts itself...
Your fingernails lengthen.
Found a small glass ring.
You now have 21 gold pieces (gained 8).
Sorry, you're not good enough to have a special ability.
Found 14 gold pieces.
Found a stone staircase leading down.
Found a scroll of teleportation.
m - a ring of positive energy You now have 31 gold pieces (gained 10).
Are you sure you want to abandon this character and quit the game? (Confirm with "yes".)

###### #....# #.@..#>.
####### #....#..# #.....#
#....#..########### #.....#
#....#...?.........
#.....####....#.#...........
#.....#.......#.#...#.......
#.....#.....###.##.......###
#.....#..†..#...............
#.....#.............####....


There were no monsters in sight!

Vanquished Creatures
  2 ball pythons (D:1)
  2 endoplasms (D:1)
  A hobgoblin (D:1)
  A kobold (D:1)
  A rat (D:1)
7 creatures vanquished.

Notes
Turn   | Place    | Note
-------+----------+-------------------------------------------
     0 | D:1      | MachoJfn the Demonspawn Gladiator began the quest for the
                  | Orb.
     0 | D:1      | Reached XP level 1. HP: 16/16 MP: 1/1
   187 | D:1      | Gained mutation: You have sharp fingernails. [demonic
                  | ancestry]
   187 | D:1      | Reached XP level 2. HP: 22/22 MP: 2/2
   219 | D:1      | Quit the game

Illustrated notes

Levels and vault maps discovered:
D:1:      dpeg_arrival_radiant, layout_basic

Action                     || total
---------------------------++-------
  Melee: War axe           ||    22
    Use: Scroll            ||     1
 Armour: Leather armour    ||    19
  Dodge: Dodged            ||    12

Table legend: (Time is in decaauts)
 A = Elapsed time spent in this place.
 B = Non-inter-level travel time spent in this place.
 C = Inter-level travel time spent in this place.
 D = Time resting spent in this place.
 E = Time spent auto-exploring this place.
 F = Levels seen in this place.
 G = Mean time per level.
                   A        B        C        D        E       F      G
               +--------+--------+--------+--------+--------+-----+--------+
         Total |    227 |    170 |     57 |     27 |     79 |   1 |  227.0 |
       Dungeon |    227 |    170 |     57 |     27 |     79 |   1 |  227.0 |
               +--------+--------+--------+--------+--------+-----+--------+

Top non-repeatable levels by time:
     D:1: 227 daAuts
